 Dungeon Crawl Stone Soup version 0.25-a0-294-gea9b1ad378 (webtiles) character file.

Game seed: 13705156211239333782, levelgen mode: deterministic

1 Lanoc the Grave Robber (level 1, -4/10 HPs)
             Began as a Gargoyle Necromancer on Dec 17, 2019.
             Killed from afar by a dart slug (5 damage)
             ... with a slug dart
             ... on level 1 of the Dungeon.
             The game lasted 00:00:40 (121 turns).

Lanoc the Grave Robber (Gargoyle Necromancer)        Turns: 121, Time: 00:00:41

Health: -4/10      AC:  4    Str: 11    XL:     1   Next: 20%
Magic:  1/3        EV: 12    Int: 20    God:
Gold:   0          SH:  0    Dex: 10    Spells: 3/4 levels left

rFire    . . .     SeeInvis .   (no weapon)
rCold    . . .     Gourm    .   (no shield)
rNeg     + . .     Faith    .   a - +0 robe
rPois    ∞         Spirit   .   (no helmet)
rElec    +         Reflect  .   (no cloak)
rCorr    .         Harm     .   (no gloves)
MR       .....                  (no boots)
Stlth    ++........             (no amulet)
HPRegen  0.03/turn              (no ring)
MPRegen  0.08/turn              (no ring)

@: brilliant
A: negative energy resistance 1, electricity resistance, unbreathing,
petrification resistance, rot immunity, AC +2
a: no special abilities


You were on level 1 of the Dungeon.
You were not hungry.

You visited 1 branch of the dungeon, and saw 1 of its levels.

Inventory:

Armour
 a - a +0 robe (worn)
Scrolls
 d - a scroll of identify {unknown}
 e - a scroll of noise {unknown}
Potions
 b - a potion of brilliance
Comestibles
 c - a ration


   Skills:
 + Level 1.6 Dodging
 - Level 2.1 Stealth
 - Level 2.0 Spellcasting
 + Level 3.3 Necromancy


You had 3 spell levels left.
You knew the following spells:

 Your Spells              Type           Power        Failure   Level  Hunger
a - Pain                  Necr           ####         1%          1    #......

Your spell library contained the following spells:

 Spells                   Type           Power        Failure   Level  Hunger
 Animate Skeleton         Necr           N/A          1%          1    #......
 Vampiric Draining        Necr           ####......   1%          3    ###....
 Regeneration             Chrm/Necr      ###.......   3%          3    ###....
 Animate Dead             Necr           N/A          4%          4    #####..


Dungeon Overview and Level Annotations

Branches:
Dungeon (1/15)

Altars:


Innate Abilities, Weirdness & Mutations

You are resistant to torment.
Your stone body is resilient. (AC +2)
You are immune to poison.
You resist negative energy. (rN+)
You are resistant to electric shocks. (rElec)
You can survive without breathing.
You are immune to petrification.
You are immune to rotting.


Message History

* * * LOW HITPOINT WARNING * * *
It was a potion of brilliance.
You feel clever all of a sudden.
Casting: Pain (safe; 1% risk of failure)
Confirm with . or Enter, or press ? or * to list all spells.
Aiming: Pain (safe; 1% risk of failure)
Press: ? - help, Shift-Dir - straight line, f/p - dart slug
Aim: a dart slug (moderately wounded, chance to defeat MR: 93%)
The dart slug writhes in agony.
You barely miss the hobgoblin. The hobgoblin misses you.
You hit the dart slug.
The dart slug is almost dead.
The hobgoblin closely misses you.
You hit the dart slug.
The dart slug is almost dead.
The hobgoblin misses you. The dart slug launches a dart at you.
The slug dart hits you.
Ouch! That really hurt!
You die...

#....§≈≈≈≈§§≈######
#..........§§....#.
#....######.§≈≈§.##
#....# ....§.≈.§.
#....# ######.≈≈§.
#....# ........§≈§
#....# ##.≈§≈§§§≈§
#.gw.# ...≈§..≈.§§
#.@..# .≈≈§§≈.≈≈≈§
###### .≈.§§≈.....
≈≈.§≈≈.<.≈§
...§§...§≈.
.#.≈.≈≈§§≈.
#.§...§§§.
#.§≈≈.§§≈§
#...§§....
#.#.§§§§##


You could see a dart slug and a hobgoblin.

Vanquished Creatures
  A frilled lizard (D:1)
  A rat (D:1)
2 creatures vanquished.

Notes
Turn   | Place    | Note
-------+----------+-------------------------------------------
     0 | D:1      | Lanoc the Gargoyle Necromancer began the quest for the Orb.
     0 | D:1      | Reached XP level 1. HP: 10/10 MP: 3/3
   121 | D:1      | Killed from afar by a dart slug

Levels and vault maps discovered:
D:1:      psy_arrival_radial02, layout_basic

Action                   || total
-------------------------++-------
Melee: Unarmed           ||     5
 Cast: Pain              ||     6
  Use: Potion            ||     1
Dodge: Dodged            ||     3

Table legend:
 A = Non-vault XP
 B = Vault XP
 C = Vault XP percentage of total XP
 D = Non-vault monster count
 E = Vault monster count
 F = Vault count percentage of total count
                 A         B        C        D         E       F
            +---------+---------+-------+---------+---------+-------
      Total |       2 |       0 |   0.0 |       2 |       0 |   0.0
            +---------+---------+-------+---------+---------+-------
        D:1 |       2 |       0 |   0.0 |       2 |       0 |   0.0
            +---------+---------+-------+---------+---------+-------
